 Dungeon Crawl Stone Soup version 0.27.0-1-g7a089689b8 (webtiles) character file.

Game seed: 8159899223327711198

29 sanka the Ducker (level 3, 25/25 HPs)
             Began as a Merfolk Necromancer on Aug 7, 2021.
             Was a Follower of Zin.
             Quit the game on level 2 of the Dungeon.
             The game lasted 00:01:30 (1785 turns).

sanka the Ducker (Merfolk Necromancer)              Turns: 1785, Time: 00:01:31

Health: 25/25      AC:  9    Str:  8    XL:     3   Next: 16%
Magic:  6/6        EV:  9    Int: 14    God:    Zin [*.....]
Gold:   0          SH:  0    Dex: 15    Spells: 5/6 levels left

rFire    + . .     SeeInvis .   g - +0 quarterstaff
rCold    . . .     Faith    .   (shield currently unavailable)
rNeg     . . .     Spirit   .   c - +2 scale mail {rF+}
rPois    .         Reflect  .   (no helmet)
rElec    .         Harm     .   (no cloak)
rCorr    .         Rampage  .   f - +0 pair of gloves
Will     .....                  (no boots)
Stlth    +.........             (no amulet)
HPRegen  0.08/turn              (no ring)
MPRegen  0.10/turn              (no ring)

@: no status effects
A: (nimble swimmer 2), mertail
a: Renounce Religion, Recite, Donate Gold


You were on level 2 of the Dungeon.
You worshipped Zin.
Zin was aware of your devotion.
You visited 1 branch of the dungeon, and saw 2 of its levels.


Innate Abilities, Weirdness & Mutations

((You are quick and stealthy near water. (Stealth+, EV+, Speed+++)))
Your lower body shifts to a powerful aquatic tail in water.


   Skills:
 + Level 0.5 Fighting
 + Level 4.6 Dodging
 - Level 2.1 Stealth
 - Level 2.0 Spellcasting
 - Level 3.2 Necromancy


You had 5 spell levels left.
You knew the following spells:

 Your Spells              Type           Power      Damage    Failure   Level
z - Pain                  Necr           40%        1d6       54%         1

Your spell library contained the following spells:

 Spells                   Type           Power      Damage    Failure   Level
 Animate Skeleton         Necr           20%        N/A       54%         1
 Vampiric Draining        Necr           5%         2d6       88%         3
 Animate Dead             Necr           5%         N/A       99%         4
 Conjure Flame            Conj/Fire      1%         6-21      100%        3
 Ignite Poison            Fire/Tmut/Pois 1%         N/A       100%        3
 Sticky Flame             Conj/Fire      1%         2d3       100%        4
 Agony                    Necr           10%        N/A       100%        5

Inventory:

Hand Weapons
 e - a +0 hand axe
 g - a +0 quarterstaff (weapon)
Armour
 a - a +0 robe
 c - a +2 scale mail of fire resistance (worn)
 f - a +0 pair of gloves (worn)
Scrolls
 d - a scroll of enchant weapon {unknown}
Potions
 b - a potion of curing {unknown}
 h - a potion of lignification {unknown}

Dungeon Overview and Level Annotations

Branches:
Dungeon (2/15)

Altars:
Zin

.. .... .▒ .
..▒ ▒.▒ ▒ . .
...... .^ ▒. ▒.
..... ..
▒..▒.▒▒.▒.▒.▒.▒
.............
▒......▒ ▒.m▒
▒..B......
....▒.▒....
▒.▒.K..g. +▒
▒.▒<.. ... .
.......... .
>.... .▒.▒ ..
......▒▒▒.▒


You could see a giant cockroach, a hobgoblin and a kobold.


Message History

Search for what [? for help]? .
There is a faded altar of an unknown god here.
You cannot tell which god this altar belongs to.
Convert to them anyway?
Okay, then.
You cannot tell which god this altar belongs to.
Convert to them anyway?
Zin accepts your prayer! Zin welcomes you!
You can now donate money to Zin.
You can now recite Zin's Axioms of Law.
Done exploring.
There is a stone staircase leading down here.
You climb downwards. 2 giant cockroaches and a kobold come into view.
The kobold shouts!
Found an escape hatch in the floor.
Found a stone staircase leading up.
There is a stone staircase leading up here.
Unknown command.
A hobgoblin comes into view.
The hobgoblin shouts!
You hear a bark!
The kobold throws a stone.
The stone closely misses you. The giant cockroach closely misses you.
You sock the giant cockroach!
You kill the giant cockroach!
The giant cockroach barely misses you.
The kobold throws a stone.
The stone hits you but does no damage.
Are you sure you want to abandon this character and quit the game? (Confirm with "yes".)

Action                   || total
-------------------------++-------
Melee: Unarmed           ||    68
       Hand axe          ||    28
       Quarterstaff      ||    29
 Cast: Pain              ||     8
Armor: Scale mail        ||    74
Dodge: Dodged            ||    73

Levels and vault maps discovered:
D:1:      lemuel_arrival_broad_hall, layout_loops_ring,
          chequers_ecumenical_altar_grove, hangedman_decor_push,
          grunt_decor_one_mirror, corexii_corridor_pit
D:2:      layout_basic

Notes
Turn   | Place    | Note
-------+----------+-------------------------------------------
     0 | D:1      | sanka the Merfolk Necromancer began the quest for the Orb.
     0 | D:1      | Reached XP level 1. HP: 13/13 MP: 3/3
    49 | D:1      | Reached skill level 3 in Dodging
   467 | D:1      | Reached XP level 2. HP: 14/19 MP: 1/5
   768 | D:1      | Reached skill level 4 in Dodging
  1187 | D:1      | Found a faded altar of an unknown god.
  1398 | D:1      | Reached XP level 3. HP: 24/24 MP: 6/6
  1750 | D:1      | Became a worshipper of Zin the Law-Giver
  1750 | D:1      | Reached * piety under Zin
  1785 | D:2      | Quit the game

Vanquished Creatures
  A dart slug (D:1)
  2 ball pythons (D:1)
  A giant cockroach (D:2)
  2 goblins (D:1)
  A hobgoblin (D:1)
  4 jackals (D:1)
  2 kobolds (D:1)
  4 quokkas (D:1)
  3 bats (D:1)
  3 frilled lizards (D:1)
  A rat (D:1)
24 creatures vanquished.
